Map: Backwater LE

Players

VISA

  • Race: Terran Terran
  • League: Master
  • Spawn Location: 5:00

JaySlays

  • Race: Terran Terran
  • Spawn Location: 11:00

flyawaybird

  • Race: Zerg Zerg
  • League: Diamond

Wolf

  • Race: Zerg Zerg
  • League: Diamond

VOD

Have the link to the VOD?

Description

Time

  • Played on: April 15, 2018, 8:26 p.m.
  • Length: 13:38
Show
View Real Time Build Order
Export as new Build Order

VISA Terran 

Build Orders: 1/1/1, MMM Bio 

Get SALT Encoding   

  12  0:00  SCV  
  13  0:13  SCV  
  14  0:17  Supply Depot  
  14  0:24  Refinery  
  14  0:28  SCV  
  15  0:40  SCV  
  16  0:51  Barracks  
  16  0:53  SCV  
  17  0:58  Refinery  
  17  1:05  SCV  
  18  1:17  SCV  
  19  1:29  SCV  
  20  1:38  Factory  
  20  1:39  Reaper  
  21  1:41  Orbital Command  
  21  1:49  Supply Depot  
  21  2:07  SCV  
  22  2:11  Marine  
  23  2:19  SCV  
  24  2:23  Starport  
  24  2:27  Factory Tech Lab  
  24  2:29  Barracks Reactor  
  24  2:31  SCV  
  25  2:43  SCV  
  26  2:54  Supply Depot  
  26  2:55  SCV  
  27  3:04  Fusion Core  
  27  3:07  SCV  
  27  3:10  Command Center  
  28  3:19  SCV  
  28  3:31  SCV  
  28  3:34  Hellion x2  
  34  3:42  Supply Depot  
  34  3:44  Supply Depot  
  32  3:53  Battlecruiser  
  37  4:03  SCV  
  37  4:05  Hellion  
  37  4:07  Hellion  
  37  4:09  Barracks Tech Lab  
  42  4:15  SCV  
  43  4:21  Supply Depot  
  43  4:28  Hellion  
  43  4:30  Hellion  
  47  4:32  SCV  
  47  4:38  Orbital Command  
  48  4:44  Stimpack  
  48  4:45  SCV  
  49  4:51  Engineering Bay  
  49  4:57  SCV  
  49  4:58  Engineering Bay  
  50  5:05  Viking  
  52  5:08  SCV  
  52  5:09  SCV  
  54  5:21  SCV  
  45  5:22  Barracks, SCV  
  45  5:23  Barracks  
  46  5:30  Hellion x2  
  46  5:33  SCV  
  49  5:37  SCV  
  49  5:39  Supply Depot  
  50  5:45  SCV, Terran Infantry Weapons Level 1, Terran Infantry Armor Level 1  
  50  5:47  Starport Reactor  
  50  5:49  SCV, Refinery  
  52  5:55  Marine  
  52  5:56  Hellion  
  55  5:57  SCV  
  55  5:58  Bunker  
  55  6:01  SCV  
  57  6:07  Supply Depot  
  57  6:09  SCV  
  57  6:15  SCV  
  53  6:19  Hellion x2  
  53  6:21  SCV  
  53  6:24  Barracks Reactor  
  53  6:25  Marine, Barracks Reactor  
  58  6:27  SCV  
  58  6:32  Armory  
  60  6:33  SCV  
  60  6:39  SCV  
  62  6:43  Marine  
  62  6:46  SCV  
  62  6:51  SCV  
  56  6:54  Command Center  
  56  6:58  SCV  
  57  7:02  Marine  
  57  7:03  Marine, SCV  
  57  7:08  Marine x2  
  61  7:09  Marine  
  61  7:10  SCV  
  61  7:15  SCV, Combat Shields  
  65  7:20  Marine, Hellion x4  
  65  7:22  SCV  
  67  7:26  Medivac  
  67  7:27  SCV  
  70  7:30  Refinery  
  70  7:33  Medivac  
  70  7:34  Marine x2, SCV  
  75  7:39  SCV  
  75  7:42  Supply Depot  
  75  7:44  Supply Depot  
  76  7:45  Terran Infantry Weapons Level 2  
  76  7:53  Marine x2  
  76  7:54  Marine  
  70  8:00  Marine  
  70  8:01  Siege Tank  
  70  8:02  SCV x2  
  73  8:06  Orbital Command  
  73  8:11  Terran Infantry Armor Level 2  
  71  8:14  SCV x2  
  71  8:16  Marine x3  
  71  8:18  Marine  
  77  8:25  Terran Vehicle Weapons Level 1  
  75  8:27  SCV x2  
  75  8:30  Supply Depot, Bunker  
  75  8:31  Marine  
  75  8:34  Marine  
  78  8:37  SCV  
  78  8:39  SCV x2  
  82  8:42  Barracks  
  82  8:46  Marine x2  
  84  8:49  SCV  
  84  8:52  Barracks  
  84  8:53  Marine x2  
  84  8:54  Marine  
  88  8:57  Siege Tank  
  88  8:58  SCV  
  92  9:03  Refinery  
  92  9:04  Marine  
  92  9:07  Medivac  
  92  9:09  Marine  
  96  9:10  Barracks  
  96  9:11  Supply Depot  
  96  9:12  Marine x2  
  96  9:13  SCV  
  96  9:16  Supply Depot  
  99  9:18  SCV x2  
  101  9:25  Refinery  
  101  9:31  Barracks Reactor  
  101  9:37  Marine, Marauder  
  104  9:43  Marine x3  
  106  9:47  Barracks Reactor  
  106  9:48  SCV x2  
  106  9:49  Command Center  
  106  9:50  SCV  
  108  9:55  Marine  
  108  9:56  Medivac  
  108  9:58  Marine, Supply Depot  
  112  10:00  SCV  
  112  10:01  Supply Depot  
  112  10:06  Terran Infantry Weapons Level 3  
  113  10:07  Marine  
  113  10:08  Marine  
  112  10:24  SCV x2  
  112  10:25  Marine x2  
  112  10:26  Marine x3  
  112  10:28  Medivac x2, Siege Tank  
  122  10:30  Terran Infantry Armor Level 3  
  122  10:31  Marine  
  122  10:34  SCV  
  127  10:35  Marine  
  127  10:36  Marine x2  
  127  10:39  Supply Depot  
  127  10:42  Marine x2  
  121  10:58  Marine  
  121  11:00  Marauder  
  121  11:01  Marine x2  
  121  11:02  Marine x4, Planetary Fortress  
  126  11:08  SCV x2  
  127  11:14  Marine  
  126  11:19  Marine x3  
  126  11:20  Siege Tank  
  126  11:21  Marine x5  
  126  11:22  Marauder  
  126  11:24  Medivac x2  
  126  11:25  Marine  
  138  11:29  Refinery x2  
  120  11:36  Ghost Academy  
  120  11:39  Starport, SCV  
  121  11:40  SCV  
  121  11:41  Liberator x2  
  121  11:43  Marauder  
  121  11:45  Supply Depot  
  124  11:47  Marine x6  
  124  11:48  Marine x4  
  124  11:52  Siege Tank  
  122  12:01  Supply Depot  
  128  12:04  Marine, SCV x2  
  128  12:05  Marine x6, SCV  
  128  12:07  Marine x2  
  140  12:11  Personal Cloaking  
  138  12:16  Marine x2  
  138  12:20  Starport Tech Lab  
  138  12:21  Starport  
  138  12:22  Marine x3  
  141  12:23  Marine x3  
  141  12:24  SCV x2, Liberator  
  141  12:25  Liberator  
  148  12:41  Marine x5  
  148  12:43  Marauder  
  161  12:52  Marine x2  
  161  12:53  Marine x2  
  161  12:54  Marine  
  161  12:57  Siege Tank  
  167  12:58  Marine x2  
  167  12:59  Marine x2  
  167  13:03  Marine  
  167  13:05  Marauder  
  170  13:08  Starport Reactor  
  165  13:14  Supply Depot  
  165  13:23  Command Center  
Show
View Real Time Build Order
Export as new Build Order

JaySlays Terran 

Build Orders:  

Get SALT Encoding   

  12  0:01  Drone  
  13  0:12  Overlord  
  13  0:17  Drone  
  14  0:31  Drone x2  
  16  0:38  Drone  
  17  0:46  Drone  
  18  0:58  Hatchery  
  18  0:59  Drone  
  18  1:04  Extractor  
  17  1:15  Spawning Pool  
  17  1:18  Drone  
  17  1:20  Drone  
  18  1:32  Drone  
  19  1:42  Overlord  
  19  1:53  Drone  
  20  2:04  Queen  
  22  2:09  Zergling x2  
  22  2:12  Metabolic Boost  
  22  2:14  Queen  
  22  2:15  Zergling x4  
  27  2:21  Drone  
  28  2:30  Drone  
  28  2:35  Drone x2  
  30  2:53  Queen  
  30  2:54  Hatchery  
  31  3:00  Zergling x2  
  31  3:01  Drone x3  
  35  3:13  Overlord  
  35  3:22  Queen  
  36  3:27  Overlord x2  
  36  3:33  Baneling Nest  
  36  3:34  Evolution Chamber  
  34  3:42  Queen  
  34  3:44  Overlord  
  36  4:01  Zergling x8  
  36  4:02  Zergling x4  
  42  4:03  Drone  
  42  4:06  Drone  
  44  4:22  Zerg Ground Armor Level 1  
  44  4:34  Drone x2  
  44  4:35  Drone x6  
  44  4:36  Drone  
  53  4:43  Lair  
  53  5:07  Drone x3  
  53  5:08  Drone x9  
  65  5:19  Queen x2  
  66  5:25  Spore Crawler  
  66  5:27  Spore Crawler  
  61  5:29  Spore Crawler  
  55  5:59  Spore Crawler  
  55  6:00  Hydralisk Den  
  55  6:03  Extractor  
  50  6:04  Extractor  
  50  6:06  Extractor  
  45  6:20  Baneling x4  
  45  6:30  Hydralisk x2  
  49  6:35  Spore Crawler  
  49  6:36  Spore Crawler  
  47  6:46  Hydralisk x2  
  48  6:47  Zergling x2  
  48  6:48  Zergling x28  
  61  6:58  Queen  
  63  7:22  Hydralisk, Muscular Augments  
  63  7:27  Baneling x3  
  63  7:28  Drone  
  63  7:29  Overlord x2  
  66  7:30  Baneling, Overlord  
  66  7:32  Overlord  
  51  8:10  Spore Crawler  
  51  8:11  Drone x7  
  51  8:12  Spore Crawler  
  54  8:33  Grooved Spines  
  54  8:41  Zerg Missile Weapons Level 1  
  54  8:44  Hydralisk x4  
  62  8:49  Drone x2  
  64  9:07  Hydralisk x3  
  70  9:17  Drone x2  
  70  9:18  Drone x3  
  74  9:55  Drone x6  
  74  9:56  Drone x5  
  85  10:11  Zergling x2  
  85  10:12  Zergling x24  
  87  10:26  Hydralisk  
  87  10:27  Hydralisk x2  
  59  11:19  Drone  
  59  11:20  Drone x17  
  72  11:40  Zergling x2  
  72  11:41  Zergling x6  
  57  11:55  Zergling x10  
  58  12:03  Queen  
  57  12:15  Zergling x2  
  57  12:16  Drone x2, Zergling x2  
  57  12:17  Drone x3  
  63  12:25  Queen  
  63  12:28  Baneling x2  
  65  12:45  Baneling x2  
  55  13:18  Hatchery  
  56  13:20  Spire  
  56  13:23  Hydralisk Den  
Show
View Real Time Build Order
Export as new Build Order

flyawaybird Zerg 

Build Orders:  

Get SALT Encoding   

Show
View Real Time Build Order
Export as new Build Order

Wolf Zerg 

Build Orders:  

Get SALT Encoding   

Tags
 
Add a new tag
Caveats
  • Supply blocks, unpowered buildings, or Contaminate may cause inaccurate times.
  • Supply counts are checked every 10 seconds.